 Dungeon Crawl Stone Soup version 0.30.0-5-g1a98f26d00 (webtiles) character file.

Game seed: 14053326420188648517

51 Edyrem the Ducker (level 3, -1/30 HPs)
             Began as a Merfolk Monk on May 10, 2023.
             Slain by a goblin
             ... wielding a +1 dagger of protection
             ... led by Robin
              (5 damage)
             ... on level 2 of the Dungeon.
             The game lasted 00:02:04 (712 turns).

Edyrem the Ducker (Merfolk Monk)                     Turns: 712, Time: 00:02:05

Health: -1/30      AC:  3    Str: 19    XL:     3   Next: 81%
Magic:  3/3        EV: 14    Int: 15    God:
Gold:   37         SH:  0    Dex: 16    Spells: 2/2 levels left

rFire   . . .        a - +0 spear
rCold   . . .        d - orb {light}
rNeg    . . .        l - +0 leather armour
rPois   .            (no helmet)
rElec   .            (no cloak)
rCorr   .            (no gloves)
SInv    .            (no boots)
Will    .....        i - amulet of faith
Stlth   +            j - +6 ring of strength
HPRegen 0.25/turn    n - +6 ring of intelligence
MPRegen 0.08/turn

%: faith
@: glowing
A: (nimble swimmer 2), mertail
a: no special abilities


You were on level 2 of the Dungeon.
You visited 1 branch of the dungeon, and saw 2 of its levels.

You collected 37 gold pieces.

Inventory:

Hand Weapons
 a - a +0 spear (weapon)
Missiles
 h - a throwing net (quivered)
Armour
 b - a +0 robe
 d - an orb of light (worn)
 l - a +0 leather armour (worn)
Jewellery
 i - an amulet of faith (around neck)
 j - a +6 ring of strength (left hand)
 n - a +6 ring of intelligence (right hand)
Scrolls
 f - a scroll of identify {unknown}
 g - a scroll of magic mapping {unknown}
 k - a scroll of blinking {unknown}
 p - a scroll of teleportation {unknown}
Potions
 c - a potion of ambrosia
 e - a potion of flight {unknown}
 m - a potion of magic {unknown}
 o - a potion of curing {unknown}
 q - a potion of heal wounds {unknown}
 r - a potion of mutation {unknown}


   Skills:
 + Level 4.0 Fighting
 + Level 4.8 Polearms
 + Level 4.8 Dodging


You had 2 spell levels left.
You didn't know any spells.
Your spell library contained the following spells:

 Spells                   Type           Power      Damage    Failure   Level
 Cigotuvi's Dreadful Rot  Necr/Pois/Air  0%         N/A       43%         2
 Ignite Poison            Fire/Tmut/Pois 0%         N/A       67%         3
 Freezing Cloud           Conj/Ice/Air   0%         6-21      100%        5


Dungeon Overview and Level Annotations

Branches:
Dungeon (2/15)

Altars:

Annotations:
D:2 Robin, Terence


Innate Abilities, Weirdness & Mutations

((You are very nimble when in or above water. (Stealth+, EV+, Speed+++)))
Your lower body shifts to a powerful aquatic tail in water.


Message History

You hear a shout! x3
A goblin comes into view. It is wielding a +0 dagger.
Robin of the Strong Arm comes into view.
They are wielding a +0 dagger.
Robin shouts!
You hit the goblin.
You kill the goblin!
You hear a shout!
A hobgoblin comes into view.
A goblin comes into view.
It is wielding a +1 dagger of protection.
Robin roars a battlecry!
The goblins go into a battle-frenzy!
A goblin and a hobgoblin come into view.
The hobgoblin shouts! x2; You hear a shout!
Things that are here:
a +0 club; a goblin corpse You reach to attack!
You barely miss the goblin. Robin throws the goblin at you!
You hit the goblin but do no damage. The goblin hits you with a +0 club.
Robin throws the goblin at you! The goblin hits you but does no damage.
You barely miss the goblin. You puncture the goblin!
You kill the goblin!
The goblin hits you with a +0 club.
The goblin hits you with a +1 dagger of protection.
Your Fighting skill increases to level 4!
You hit the goblin but do no damage. The goblin barely misses you.
The goblin hits you with a +1 dagger of protection.
You puncture the goblin!
You kill the goblin!
The goblin hits you with a +1 dagger of protection.
The goblin hits you with a +0 club.
* * * LOW HITPOINT WARNING * * *
You hit the goblin but do no damage. The goblin barely misses you.
A goblin comes into view. It is wielding a +0 club.
You hit the goblin.
The goblin is moderately wounded.
Terence the Incautious comes into view.
He is wielding a +0 mace.
The goblin completely misses you.
The goblin hits you with a +1 dagger of protection.
You die...

#..##..## #..
##........## #..@
.................
#.......>........g
#.#.......[#......
#.#........#g.....
#.........ggg.....
#........)@.....#
#......gg#....#
##.)##..##..=.#
#.###.#.........#
#.......####.####
#######.# # #.#
#†# ########.##


You could see Terence, Robin, 2 hobgoblins and 4 goblins.

Vanquished Creatures
  An adder (D:2)
  A worm (D:2)
  6 ball pythons
  6 bats
  2 endoplasms
  2 giant cockroaches (D:1)
  5 goblins
  4 jackals (D:1)
  5 kobolds
  A quokka (D:1)
  A frilled lizard (D:1)
  A rat (D:1)
35 creatures vanquished.

Notes
Turn   | Place    | Note
-------+----------+-------------------------------------------
     0 | D:1      | Edyrem the Merfolk Monk began the quest for the Orb.
     0 | D:1      | Reached XP level 1. HP: 18/18 MP: 1/1
   114 | D:1      | Reached XP level 2. HP: 21/24 MP: 2/2
   395 | D:1      | Reached XP level 3. HP: 27/30 MP: 3/3
   702 | D:2      | Noticed Robin
   712 | D:2      | Noticed Terence
   712 | D:2      | Slain by a goblin

Illustrated notes

Levels and vault maps discovered:
D:1:      lightli_arrival_farm, layout_rooms, kennysheep_decorative_pillar,
          st_stairs_7
D:2:      kennysheep_six_static_rooms, layout_rooms, serial_shops,
          nicolae_shop_tiny_statue_garden, st_stairs_5,
          guppyfry_early_lair_pool, uniq_terence, uniq_jessica, uniq_robin

Skill      XL: |  1  2  3 |
---------------+----------+-----
Fighting       | 4 |  4.0
Polearms       | |  4.8
Dodging        | |  4.8

Action                     || total
---------------------------++-------
  Melee: Spear             ||   105
 Armour: Robe              ||    11
         Leather armour    ||    13
  Dodge: Dodged            ||    56
